 Dungeon Crawl Stone Soup version 0.29.1-15-g9cfb28693d (webtiles) character file.

Game seed: 8095487389482369123

67 Hugehornet the Sneak (level 4, -4/29 HPs)
             Began as an Octopode Brigand on Mar 19, 2023.
             Slain by Terence
             ... wielding a +2 trident of venom
              (10 damage)
             ... on level 3 of the Dungeon.
             The game lasted 00:03:01 (2208 turns).

Hugehornet the Sneak (Octopode Brigand)             Turns: 2208, Time: 00:03:03

Health: -4/29      AC:  1    Str: 16    XL:     4   Next: 18%
Magic:  4/4        EV: 13    Int: 15    God:
Gold:   167        SH:  0    Dex: 25    Spells: 3/3 levels left

rFire   . . .      SeeInvis .   a - +2 dagger
rCold   . . .      Faith    .   (no shield)
rNeg    + . .      Spirit   .   (helmet restricted)
rPois   .          Reflect  .   (no amulet)
rElec   .          Harm     .   d - ring of positive energy
rCorr   .          Rampage  .   k - +6 ring of dexterity
Will    .....                   n - +6 ring of dexterity
Stlth   +++++.....              q - +6 ring of strength
HPRegen 0.09/turn               (no ring)
MPRegen 0.09/turn               (no ring)
                                (no ring)
                                (no ring)

@: lethally poisoned (-4 -> -10)
A: almost no armour, amphibious, 8 rings, camouflage 1, gelatinous body 1,
(nimble swimmer 1), tentacles
a: no special abilities


You were on level 3 of the Dungeon.
You visited 1 branch of the dungeon, and saw 3 of its levels.

You collected 167 gold pieces.

Inventory:

Hand Weapons
 a - a +2 dagger (weapon)
 t - a +2 whip of venom
Missiles
 b - 13 poisoned darts (quivered)
 c - 3 curare-tipped darts
Jewellery
 d - a ring of positive energy (left tentacle)
 k - a +6 ring of dexterity (right tentacle)
 n - a +6 ring of dexterity (on tentacle)
 q - a +6 ring of strength (on tentacle)
Scrolls
 h - 2 scrolls of silence {unknown}
 i - 5 scrolls of identify {unknown}
 l - a scroll of immolation {unknown}
 m - a scroll of magic mapping {unknown}
 o - a scroll of noise {unknown}
 p - a scroll of amnesia {unknown}
 s - a scroll of fog {unknown}
 u - a scroll of teleportation {unknown}
Potions
 e - a potion of berserk rage {unknown}
 f - 3 potions of cancellation {unknown}
 g - a potion of lignification {unknown}
 j - a potion of mutation {unknown}
 r - a potion of attraction {unknown}
 v - a potion of brilliance {unknown}


   Skills:
 - Level 2.0 Fighting
 - Level 2.0 Short Blades
 - Level 2.0 Throwing
 - Level 1.0 Dodging
 * Level 7.7 Stealth


You had 3 spell levels left.
You didn't know any spells.
Your spell library contained the following spells:

 Spells                   Type           Power      Damage    Failure   Level
 Beastly Appendage        Tmut           0%         N/A       26%         1
 Sandblast                Erth           0%         2d4       26%         1
 Passwall                 Tmut/Erth      0%         N/A       38%         2
 Wereblood                Tmut           0%         N/A       38%         2
 Spider Form              Tmut/Pois      0%         N/A       63%         3
 Stone Arrow              Conj/Erth      0%         3d7       63%         3


Dungeon Overview and Level Annotations

Branches:
Dungeon (3/15)

Altars:
Uskayaw
Xom

Annotations:
D:3 Terence


Innate Abilities, Weirdness & Mutations

You cannot wear most types of armour.
You are amphibious.
You can wear up to eight rings at the same time.
Your skin changes colour to match your surroundings (Stealth+).
Your rubbery body absorbs attacks. (AC +1, EV +1)
((You are camouflaged when in or above water. (Stealth+)))
You have tentacles for arms and can constrict up to eight enemies at once.


Message History

Terence the Incautious comes into view.
He is wielding a +2 trident of venom.
The bat hits you but does no damage. The bat barely misses you.
The bat closely misses you.
You barely miss the bat. Your grab misses the bat. You squeeze the bat.
The bat is severely wounded.
The bat barely misses you. The bat barely misses you.
The bat hits you but does no damage.
You hit the bat but do no damage. You grab the bat. You squeeze the bat.
You kill the bat!
Terence shouts!
Terence hits you from afar with a +2 trident of venom!
You are poisoned.
You see here a bat corpse.
You feel sick.
Terence hits you with a +2 trident of venom.
You are lethally poisoned!
You closely miss Terence. You grab Terence.
You constrict Terence, but do no damage.
You feel very sick. Terence closely misses you.
You are too injured to fight recklessly!
You are too injured to fight recklessly!
You are too injured to fight recklessly!
You are too injured to fight recklessly!
You barely miss Terence. You squeeze Terence.
Terence is lightly wounded.
You constrict Terence, but do no damage.
You feel sick.
You hit Terence but do no damage.
Terence is lightly wounded.
You constrict Terence.
* * * LOW HITPOINT WARNING * * *
You feel sick. Terence closely misses you.
You hit Terence. You squeeze Terence.
Terence is moderately wounded.
You constrict Terence, but do no damage.
* * * LOW HITPOINT WARNING * * *
You feel sick.
Terence hits you with a +2 trident of venom!
You die...

....#............. ....~~♣
.##............## #PPP♣♣
#.##.##....#..# ###..~P♣♣
...#...#....##.## #...~P~P♣
..............#..#
#.###~~~~
...#....#....†...########.#
##P~P #
.?..##...###...........#
#### .)#......##
#†#.#######.#### ...##.###
#.@.# #....#### .. #. ###@#
####).... .. ..# ###### .
..# ... .... ..... ######


You could see Terence.

Vanquished Creatures
  2 adders (D:3)
  2 dart slugs (D:1)
  7 ball pythons
  5 endoplasms
  2 giant cockroaches
  3 goblins
  4 hobgoblins
  5 kobolds
  2 quokkas
  4 bats
  2 frilled lizards
  4 rats
42 creatures vanquished.

Notes
Turn   | Place    | Note
-------+----------+-------------------------------------------
     0 | D:1      | Hugehornet the Octopode Brigand began the quest for the
                  | Orb.
     0 | D:1      | Reached XP level 1. HP: 14/14 MP: 1/1
   311 | D:1      | Reached XP level 2. HP: 16/19 MP: 2/2
   317 | D:1      | Reached skill level 6 in Stealth
   718 | D:1      | Found a faded altar of an unknown god.
   720 | D:1      | Noticed a floating eye
   721 | D:1      | Noticed a great orb of eyes
   722 | D:1      | Noticed an eye of devastation
   722 | D:1      | Noticed a floating eye
   787 | D:1      | Reached XP level 3. HP: 24/24 MP: 3/3
  1130 | D:2      | Found a shimmering altar of Xom.
  1482 | D:2      | Reached skill level 7 in Stealth
  1975 | D:3      | Noticed a +0 spear
  1977 | D:3      | Noticed a +0 falchion
  1977 | D:3      | Noticed a +0 short sword
  1978 | D:3      | Noticed a +0 spear
  1978 | D:3      | Noticed a +0 falchion
  1978 | D:3      | Noticed a +0 dagger
  1978 | D:3      | Noticed a +0 short sword
  1978 | D:3      | Noticed a +0 dagger
  2017 | D:3      | Found a hide-covered altar of Uskayaw.
  2191 | D:3      | Reached XP level 4. HP: 26/29 MP: 4/4
  2199 | D:3      | Noticed Terence
  2208 | D:3      | Slain by Terence

Illustrated notes

Levels and vault maps discovered:
D:1:      amcnicky_arrival_underground_garden, layout_rooms,
          hellmonk_ecumenical_altar_watching_god,
          chequers_serial_rivers_micro_d, chequers_garden, serial_bayou_pond_b,
          hangedman_glass_teeth, amcnicky_mini_pool_small
D:2:      layout_loops_corners, basic_altar
D:3:      layout_rooms, nicolae_uskayaw_en_pointe, serial_shops, shop,
          serial_bayou_pond_c, hangedman_decor_clover_reticule, uniq_terence

Skill      XL: |  1  2  3 |
---------------+----------+-----
Stealth        | 6 7 |  7.7
Fighting       | |  2.0
Short Blades   | |  2.0
Throwing       | |  2.0
Dodging        | |  1.0

Action                   |  1- 3 |  4- 6 || total
-------------------------+-------+-------++-------
Melee: Dagger            |    60 |     7 ||    67
       Constrict         |    13 |     2 ||    15
       Tentacles         |     8 |     4 ||    12
 Stab: Sleeping          |    21 |     1 ||    22
Armor: Skin              |     1 |     2 ||     3
Dodge: Dodged            |    19 |     6 ||    25
